 Dungeon Crawl Stone Soup version 0.18.1-48-g4cf74bf (webtiles) character file.

3414 Lennu the Magician (level 9, -5/54 HPs)
             Began as a High Elf Fire Elementalist on June 26, 2016.
             Was a Believer of Qazlal.
             Slain by a water moccasin (9 damage)
             ... on level 7 of the Dungeon.
             The game lasted 02:45:18 (10616 turns).

Lennu the Magician (High Elf Fire Elementalist)    Turns: 10616, Time: 02:45:18

Health: -5/54      AC: 10    Str: 12    XL:     9   Next: 76%
Magic:  4/21       EV: 14    Int: 23    God:    Qazlal [**....]
Gold:   357        SH:  2    Dex: 16    Spells: 4 memorised, 13 levels left

rFire  . . .     SeeInvis +     z - +2 hand axe (freeze)
rCold  . . .     Gourm    .     e - +3 leather armour
rNeg   . . .     Faith    .     (no shield)
rPois  .         Spirit   .     x - +2 hat {SInv}
rElec  .         Dismiss  .     h - +0 cloak
rCorr  .         Reflect  .     (no gloves)
SustAt +         Harm     .     (no boots)
MR     .....                    (no amulet)
Stlth  ++........               (no ring)
                                A - ring of sustain attributes

@: mighty, not resistant to hostile enchantments, unstealthy
A: molten scales 1, frail 1, MP-powered wands
a: Upheaval, Renounce Religion


You were on level 7 of the Dungeon.
You worshipped Qazlal.
Qazlal was pleased with you.
You were not hungry.

You visited 2 branches of the dungeon, and saw 9 of its levels.

You collected 436 gold pieces.
You spent 79 gold pieces at shops.

Inventory:

Hand Weapons
 k - a +1 hunting sling of flaming
 z - a +2 hand axe of freezing (weapon)
Missiles
 a - 75 poisoned needles
 l - 270 stones (quivered)
 y - 25 arrows
 D - 6 exploding tomahawks
Armour
 e - a +3 leather armour (worn)
 h - a +0 cloak (worn)
 v - a +0 robe of magic resistance
 x - a +2 hat of see invisible (worn)
 B - a +2 robe of positive energy
 J - a +3 leather armour
Jewellery
 r - an uncursed ring of ice
 A - a ring of sustain attributes (left hand)
Wands
 u - a wand of polymorph (11/24)
 w - a wand of teleportation (0/9)
Scrolls
 f - 3 scrolls of remove curse
 i - a scroll of teleportation
 p - a scroll of amnesia {unknown}
 q - a scroll of enchant weapon {unknown}
 E - 2 scrolls of magic mapping
 H - a scroll of summoning {unknown}
 I - a scroll of random uselessness
Potions
 d - 2 potions of beneficial mutation {unknown}
 m - a potion of brilliance
 o - 2 potions of curing {unknown}
 t - a potion of degeneration {unknown}
 F - a potion of berserk rage {unknown}
 G - a potion of cancellation {unknown}
Books
 b - a book of Flames

   Spells                             Type                      Level
   a - Flame Tongue                   Conjuration/Fire             1
   b - Throw Flame                    Conjuration/Fire             2
   c - Conjure Flame                  Conjuration/Fire             3
   d - Inner Flame                    Hexes/Fire                   3
   e - Sticky Flame                   Conjuration/Fire             4
   f - Fireball                       Conjuration/Fire             5
 n - a book of Clouds

   Spells                             Type                      Level
   a - Mephitic Cloud                 Conjuration/Poison/Air       3
   b - Conjure Flame                  Conjuration/Fire             3
   c - Poisonous Cloud                Conjuration/Poison/Air       6
   d - Freezing Cloud                 Conjuration/Ice/Air          6
   e - Ring of Flames                 Charms/Fire                  7
Comestibles
 c - 7 bread rations
 g - 2 beef jerkies
 j - 2 meat rations
 s - a royal jelly


   Skills:
 * Level 5.5 Fighting
 * Level 5.0 Armour
 + Level 4.1 Dodging
 - Level 2.8 Stealth
 * Level 7.4 Spellcasting
 * Level 6.1 Conjurations
 * Level 6.0 Fire Magic
 * Level 2.4 Air Magic
 * Level 2.2 Poison Magic
 - Level 0.2 Evocations


You had 13 spell levels left.
You knew the following spells:

 Your Spells              Type           Power        Failure   Level  Hunger
a - Flame Tongue          Conj/Fire      #####        1%          1    None
b - Conjure Flame         Conj/Fire      #####...     2%          3    None
c - Throw Flame           Conj/Fire      #####.       1%          2    None
d - Mephitic Cloud        Conj/Pois/Air  ####....     10%         3    None


Dungeon Overview and Level Annotations

Branches:
Dungeon (8/15)             Temple (1/1) D:5
   Lair: D:8-11

Altars:
Cheibriados
Dithmenos
Kikubaaqudgha
Makhleb
Nemelex Xobeh
Qazlal
Ru
Trog
Xom
Yredelemnul

Shops:
D:4 }   D:6 [

Annotations:
D:8 Gastronok


Innate Abilities, Weirdness & Mutations

You are partially covered in molten scales (AC +1).
You are frail (-10% HP).
You expend magic power (3 MP) to strengthen your wands.


Message History

The water moccasin closely misses you.
It was a potion of might.
You feel very mighty all of a sudden. The water moccasin barely misses you.
The water moccasin misses you. The water moccasin closely misses you.
You block the water moccasin's attack.
The water moccasin bites you but does no damage.
The water moccasin closely misses you.
The iguana bites you but does no damage.
The water moccasin barely misses you. The water moccasin misses you.
Casting: Flame Tongue
Confirm with . or Enter, or press ? or * to list all spells.
Aiming: Flame Tongue
Press: ? - help, Shift-Dir - straight line, f/p - water moccasin
Aim: a water moccasin (sparse dust)
The flame tongue misses the water moccasin.
The flame tongue hits the iguana.
The iguana appears unharmed.
The water moccasin bites you!
You die...

#..##........# #.#
######.###.#......# #.#
#..........####..#######..
#..........# ##..#....##.
#..........# ##.........
#..........########....###
#.........................
#.......§..###############
#........@.# #######.S###
#l## # ##.### # #..§.# #
#....# # #....# # #....# #
#....#


You could see a water moccasin and an iguana.

Vanquished Creatures
  The ghost of loom the Destroyer, a novice DEWz (D:7)
  A hungry ghost (D:8)
  Duvessa (D:4)
  An orc warrior (D:6)
  2 ice beasts
  2 sky beasts (D:7)
  3 phantoms
  2 black bears
  A necrophage (D:5)
  4 ogres
  A big kobold (D:7)
  A giant frog (D:7)
  A water moccasin zombie (D:5)
  Dowan (D:4)
  5 wights (D:4)
  3 howler monkeys (D:7)
  5 jellies
  2 crimson imps
  An orc wizard (D:4)
  A quasit (D:5)
  4 hounds
  2 orc priests
  A worker ant (D:5)
  2 hound zombies
  A worker ant zombie (D:5)
  13 adders
  7 gnolls
  4 shadow imps
  2 adder skeletons
  6 worms
  3 dart slugs
  9 giant geckos
  17 orcs
  10 giant cockroaches
  16 hobgoblins
  11 jackals
  14 kobolds
  3 quokkas
  A ball python (D:6)
  10 bats
  A giant cockroach zombie (D:4)
  2 giant gecko zombies
  7 giant newts
  9 goblins
  A quokka skeleton (D:5)
  8 rats
203 creatures vanquished.

Notes
Turn   | Place    | Note
--------------------------------------------------------------
     0 | D:1      | Lennu the High Elf Fire Elementalist began the quest for the Orb.
     0 | D:1      | Reached XP level 1. HP: 11/11 MP: 4/4
   114 | D:1      | Reached XP level 2. HP: 18/18 MP: 0/6
   989 | D:1      | Reached XP level 3. HP: 22/22 MP: 8/8
  1114 | D:1      | Reached skill level 1 in Armour
  1391 | D:2      | Reached skill level 1 in Fighting
  1790 | D:2      | Reached skill level 3 in Spellcasting
  1790 | D:2      | Reached XP level 4. HP: 28/28 MP: 6/9
  2303 | D:2      | Learned a level 3 spell: Conjure Flame
  2306 | D:2      | Learned a level 2 spell: Throw Flame
  2626 | D:2      | Reached XP level 5. HP: 34/34 MP: 0/11
  3275 | D:3      | Found a faded altar to an unknown god.
  3711 | D:3      | Found a snail-covered altar of Cheibriados.
  4154 | D:3      | Reached XP level 6. HP: 40/40 MP: 10/12
  4425 | D:4      | Noticed Duvessa
  4425 | D:4      | Noticed Dowan
  4432 | D:4      | Killed Dowan
  4432 | D:4      | Reached skill level 4 in Spellcasting
  4436 | D:4      | Killed Duvessa
  4649 | D:4      | Reached XP level 7. HP: 45/45 MP: 7/14
  4931 | D:4      | Reached skill level 5 in Spellcasting
  5094 | D:4      | Found Hotz's Gadget Shop.
  6062 | D:4      | Reached XP level 8. HP: 54/54 MP: 5/17
  6070 | D:4      | Reached skill level 5 in Fire Magic
  6577 | D:5      | Entered Level 5 of the Dungeon
  7015 | D:5      | Found a staircase to the Ecumenical Temple.
  7039 | Temple   | Entered the Ecumenical Temple
  7121 | Temple   | Became a worshipper of Qazlal Stormbringer
  7319 | D:5      | Found a bloodstained altar of Trog.
  7664 | D:5      | Reached skill level 6 in Spellcasting
  8060 | D:6      | Found a shadowy altar of Dithmenos.
  8065 | D:6      | Learned a level 3 spell: Mephitic Cloud
  8505 | D:6      | Found Fotob's Antique Armour Shoppe.
  8517 | D:6      | Bought an embroidered hat for 68 gold pieces
  8522 | D:6      | Bought a runed robe for 11 gold pieces
  8687 | D:6      | Found a shimmering altar of Xom.
  8723 | D:6      | Found a burning altar of Makhleb.
  8836 | D:6      | Found a shadowy altar of Dithmenos.
  8885 | D:6      | Found a sacrificial altar of Ru.
  9104 | D:7      | Reached skill level 5 in Fighting
  9104 | D:7      | Reached skill level 5 in Conjurations
  9104 | D:7      | Reached XP level 9. HP: 61/61 MP: 12/19
  9118 | D:7      | Reached skill level 1 in Air Magic
  9118 | D:7      | Reached skill level 1 in Poison Magic
  9189 | D:7      | Noticed loom's ghost (novice DEWz)
  9350 | D:7      | Reached * piety under Qazlal
  9363 | D:7      | Gained mutation: You expend magic power (3 MP) to strengthen your wands. [mutagenic meat]
  9382 | D:7      | Gained mutation: You are partially covered in molten scales (AC +1). [mutagenic meat]
  9383 | D:7      | Gained mutation: You are frail (-10% HP). [mutagenic meat]
 10042 | D:7      | Killed loom's ghost
 10042 | D:7      | Reached skill level 7 in Spellcasting
 10537 | D:8      | Reached ** piety under Qazlal
 10537 | D:8      | Reached skill level 5 in Armour
 10586 | D:8      | Noticed Gastronok
 10597 | D:8      | HP: 2/54 [water moccasin (4)]
 10616 | D:7      | Slain by a water moccasin

Skill      XL: |  1  2  3  4  5  6  7  8  9 |
---------------+----------------------------+-----
Armour         | 1 2 3 4 5 |  5.0
Fighting       | 1 2 3 5 |  5.5
Spellcasting   | 3 4 5 6 7 |  7.4
Conjurations   | 2 3 5 6 |  6.1
Fire Magic     | 4 5 6 |  6.0
Dodging        | 3 4 |  4.1
Air Magic      | 2 |  2.4
Poison Magic   | 2 |  2.2
Stealth        | |  2.8
Evocations     | |  0.2

Action                   |  1- 3 |  4- 6 |  7- 9 || total
-------------------------+-------+-------+-------++-------
Melee: Mace              |     1 |       |       ||     1
       Dagger            |     2 |     1 |       ||     3
       Hand axe          |       |       |    36 ||    36
 Fire: Hunting sling     |    10 |    34 |    74 ||   118
Throw: Stone             |       |    13 |       ||    13
 Cast: Flame Tongue      |    59 |    89 |   255 ||   403
       Throw Flame       |       |    14 |    53 ||    67
       Conjure Flame     |       |     6 |     5 ||    11
       Mephitic Cloud    |       |       |    23 ||    23
Evoke: Wand              |       |       |     5 ||     5
  Use: Scroll            |     2 |     5 |     4 ||    11
       Potion            |       |       |     4 ||     4
 Stab: Sleeping          |     1 |       |       ||     1
  Eat: Chunk             |     3 |     4 |    11 ||    18
       Meat ration       |       |     1 |     1 ||     2
       Bread ration      |       |       |     1 ||     1
       Fruit             |       |       |     3 ||     3
       Beef jerky        |       |       |     1 ||     1
Armor: Robe              |    11 |     2 |       ||    13
       Leather armour    |       |     4 |    87 ||    91
Dodge: Dodged            |    34 |    17 |   152 ||   203
Block: Other             |       |       |     7 ||     7
